 Dungeon Sprint DCSS version 0.25.1-4-g9407a263a5 (webtiles) character file.

Game seed: 5478361197831078726

7287 Atelerd the Thaumaturge (level 11, -8/106 HPs)
             Began as an Octopode Fighter on Nov 26, 2020.
             Was the Champion of Makhleb.
             Mangled by Ciefaes the pandemonium lord (22 damage)
             ... in the Dungeon (Sprint V: "Ziggurat Sprint").
             The game lasted 00:06:22 (645 turns).

Atelerd the Thaumaturge (Octopode Fighter)           Turns: 645, Time: 00:06:23

Health: -8/106     AC: 24    Str: 34    XL:     11   Next: 12%
Magic:  22/26      EV: 18    Int: 16    God:    Makhleb [******]
Gold:   0          SH: 33    Dex: 27    Spells: 26/32 levels left

rFire    + . .     SeeInvis +   F - +14 obsidian axe {vorpal, +Fly SInv *Curse} (curse)
rCold    + . .     Gourm    .   G - +18 shield of the Gong {rElec rN+ MR+ EV-5}
rNeg     + + +     Faith    .   (helmet restricted)
rPois    ∞         Spirit   .   (no amulet)
rElec    +         Reflect  .   A - +6 ring of strength
rCorr    +         Harm     .   B - +6 ring of strength
MR       ++...     NoTele   +   w - +6 ring of dexterity
Stlth    ++++......             x - +6 ring of dexterity
HPRegen  0.27/turn              H - ring "Dozxushre" {rElec Str+4 Int+6 Dex+2 Stlth+}
MPRegen  0.20/turn              M - ring of protection from magic
                                N - ring of positive energy
                                (no ring)

@: statue-form, resistant, mesmerised, hasted, studying Air Magic
A: almost no armour, stealthy swim, amphibious, 8 rings, constrict 8, camouflage
1
a: End Transformation, Minor Destruction, Lesser Servant of Makhleb, Major
Destruction, Greater Servant of Makhleb, Renounce Religion, Evoke Flight


You were in the Dungeon.
You worshipped Makhleb.
Makhleb was exalted by your worship.
You were not hungry.
You were a stone statue.
You visited 1 branch

Inventory:

Hand Weapons
 a - a +0 war axe
 F - the cursed +14 obsidian axe (weapon) {vorpal, +Fly SInv *Curse}
   (You found it in the Dungeon)

   It inflicts extra damage upon your enemies.
   It lets you see invisible.
   It lets you fly.
   It curses itself when equipped.
   It has a curse placed upon it.
 Q - the +7 sceptre of Torment {pain, torment}
   (You found it in the Dungeon)

   In the hands of one skilled in necromantic magic, it inflicts extra damage on
   living creatures.
Armour
 b - a +0 kite shield
 G - the +18 shield of the Gong (worn) {rElec rN+ MR+ EV-5}
   (You found it in the Dungeon)

   It affects your evasion (-5).
   It insulates you from electricity.
   It protects you from negative energy.
   It affects your resistance to hostile enchantments.
Jewellery
 l - the cursed ring "Guarch" {rF+ MR- Dex-4 Stlth+}
   (You found it in the Dungeon)

   [ring of dexterity]

   It affects your dexterity (-4).
   It protects you from fire.
   It affects your resistance to hostile enchantments.
   It makes you more stealthy.
   It has a curse placed upon it.
 n - an uncursed ring of ice
 v - an uncursed ring of flight
 w - a +6 ring of dexterity (on tentacle)
 x - a +6 ring of dexterity (on tentacle)
 y - a +6 ring of intelligence
 z - a +6 ring of intelligence
 A - a +6 ring of strength (left tentacle)
 B - a +6 ring of strength (right tentacle)
 H - the ring "Dozxushre" (on tentacle) {rElec Str+4 Int+6 Dex+2 Stlth+}
   (You found it in the Dungeon)

   [ring of intelligence]

   It affects your strength (+4).
   It affects your intelligence (+6).
   It affects your dexterity (+2).
   It insulates you from electricity.
   It makes you more stealthy.
 J - a +6 ring of intelligence
 L - an uncursed amulet of regeneration
 M - a ring of protection from magic (on tentacle)
 N - a ring of positive energy (on tentacle)
 P - an uncursed ring of protection from magic
Wands
 C - a wand of disintegration (7)
 D - a wand of iceblast (5)
 E - a wand of acid (7)
Scrolls
 j - 4 scrolls of blinking
 p - 4 scrolls of amnesia
 q - 8 scrolls of fog
 r - a scroll of holy word
 s - 5 scrolls of identify
 t - 5 scrolls of remove curse
 u - 2 scrolls of fear
 S - a scroll of brand weapon
Potions
 c - 7 potions of might
 e - 8 potions of curing
 f - 6 potions of heal wounds
 g - 2 potions of haste
 h - 7 potions of magic
 i - 3 potions of berserk rage
 k - 2 potions of brilliance
 m - 3 potions of resistance
 o - 5 potions of stabbing
Books
 O - a manual of Air Magic
Miscellaneous
 I - a lightning rod (4/4)
 K - a box of beasts
 R - a phantom mirror
Comestibles
 d - 7 rations


   Skills:
 + Level 10.5 Fighting
 + Level 10.3 Axes
 + Level 10.5 Dodging
 + Level 10.5 Shields
 * Level 11.0 Spellcasting
 * Level 9.4 Transmutations
 * Level 9.4 Earth Magic


You had 26 spell levels left.
You knew the following spells:

 Your Spells              Type           Power        Failure   Level  Hunger
a - Statue Form           Tmut/Erth      #####....    43%         6    ######.

Your spell library contained the following spells:

 Spells                   Type           Power        Failure   Level  Hunger
 Corona                   Hex            #......      14%         1    None
 Sublimation of Blood     Necr           #.........   22%         2    None
 Vampiric Draining        Necr           #.........   41%         3    None
 Hydra Form               Tmut           #####.....   43%         6    ######.
 Irradiate                Conj/Tmut      ###.......   52%         5    #####..
 Sticky Flame             Conj/Fire      #.......     82%         4    ###....
 Summon Lightning Spire   Summ/Air       #.......     82%         4    ###....
 Dragon Form              Tmut           #####.....   95%         7    #######
 Lightning Bolt           Conj/Air       #.........   99%         5    #####..
 Invisibility             Hex            #.......     100%        6    ######.
 Spellforged Servitor     Conj/Summ      #.........   100%        7    #######
 Discord                  Hex            #.........   100%        8    #######


Dungeon Overview and Level Annotations

Branches:
Dungeon (1/1)

Altars:
Ashenzari
Cheibriados
Dithmenos
Elyvilon
Fedhas
Gozag
Hepliaklqana
Kikubaaqudgha
Makhleb
Nemelex Xobeh
Okawaru
Qazlal
Ru
Sif Muna
Trog
Uskayaw
Vehumet
Wu Jian
Xom
Yredelemnul
Zin
The Shining One
Beogh
Jiyva
Lugonu


Innate Abilities, Weirdness & Mutations

You cannot wear most types of armour.
You are very stealthy in the water. (Stealth+)
You are amphibious.
You can wear up to eight rings at the same time.
You can use your tentacles to constrict eight enemies at once.
Your skin changes colour to match your surroundings (Stealth+).
((Your rubbery body absorbs attacks. (AC +1, EV +1)))


Message History

BONNNG!
Ciefaes completely misses you. You block the red devil's attack.
PTOANNNG!
Eraudef gestures at you. The bolt of acid hits you!! You resist.
* * * LOW HITPOINT WARNING * * *
You are splashed with acid.
You resist.
* * * LOW HITPOINT WARNING * * *
You block Ciefaes's attack.
GONNNNG!
The Hell Sentinel misses you. You block the Hell Sentinel's attack.
GONNNNG!
Unknown command.
You miss Ciefaes. You squeeze Ciefaes, but do no damage.
Ciefaes is severely wounded.
You barely miss the Hell Sentinel. You hit Eraudef but do no damage.
You block Eraudef's attack.
BONNNG!
Ciefaes hits you!!
You die...

▓..))[.)..▓
▓..|))=}..▓...))....▓
▓.........▓.........▓
▓.........▓.........▓
▓.........▓.........▓
▓...4.....▓....)....▓
▓..▓44.▓..▓.........▓
▓.▓&&1..▓.▓.▓.....▓.▓
▓...84....▓....©....▓
▓▓▓▓▓▓▓▓▓▓▓▓▓▓▓▓▓▓▓▓▓


You could see Ciefaes, Eraudef (mesmerising, invisible), a Hell Sentinel, an
orange demon, an ice devil, a chaos spawn and a red devil.

Vanquished Creatures
  An ice dragon (D)
  A spriggan druid (D)
  2 rime drakes (D)
  2 tormentors (D)
  8 merfolk (D)
  2 hippogriffs (D)
  2 spriggans (D)
  A wraith (D)
  2 nagas (D)
  4 water moccasins (D)
  2 ice beasts (D)
  2 swamp drakes (D)
  2 necrophages (D)
  A black bear (D)
  A centaur (D)
  2 wolves (D)
  2 wights (D)
  An iron imp (D)
  4 adders (D)
  2 shadow imps (D)
  2 white imps (D)
  An adder skeleton (D)
  6 ball pythons (D)
  2 bat skeletons (D)
  A quokka simulacrum (D)
56 creatures vanquished.

Vanquished Creatures (collateral kills)
  A rust devil (D)
  A naga mage (D)
  An orange demon (D)
  A red devil (D)
  2 merfolk (D)
  2 hippogriffs (D)
  A shadow (D)
  A neqoxec (D)
  2 centaurs (D)
12 creatures vanquished.

Vanquished Creatures (others)
  A death ooze (D)
  Dowan (D)
2 creatures vanquished.

Grand Total: 70 creatures vanquished

Notes
Turn   | Place    | Note
-------+----------+-------------------------------------------
     0 | D        | Atelerd the Octopode Fighter began the quest for the Orb.
     0 | D        | Reached XP level 1. HP: 16/16 MP: 1/1
     0 | D        | Found a shimmering blue altar of Sif Muna.
     0 | D        | Found a bloodstained altar of Trog.
     0 | D        | Found a sacrificial altar of Ru.
     0 | D        | Found a stormy altar of Qazlal.
     0 | D        | Found an iron altar of Okawaru.
     1 | D        | Found a sparkling altar of Nemelex Xobeh.
     1 | D        | Found a blossoming altar of Fedhas.
     2 | D        | Found the +6 Majin-Bo {vamp, Archmagi MP+6 Int+6}
     2 | D        | Found the +7 great mace "Firestarter" {inner flame, rF++}
     3 | D        | Found a transporter.
     3 | D        | Found an ancient bone altar of Kikubaaqudgha.
     3 | D        | Found a viscous altar of Jiyva.
     3 | D        | Found a corrupted altar of Lugonu.
     3 | D        | Found a hazy altar of Hepliaklqana.
     3 | D        | Found a burning altar of Makhleb.
     3 | D        | Found an opulent altar of Gozag.
    25 | D        | Found the +9 heavy crossbow "Sniper" {vorpal, Acc+∞ SInv}
    25 | D        | Found the +10 dark maul {vorpal}
    25 | D        | Found the +15 Maxwell's patent armour {-Cast -Tele rElec
                  | MR+ rCorr}
    25 | D        | Found the +18 shield of the Gong {rElec rN+ MR+ EV-5}
    25 | D        | Found the cursed +14 obsidian axe {vorpal, +Fly SInv
                  | *Curse}
    38 | D        | Found the +6 shillelagh "Devastator" {shatter}
    38 | D        | Found the +11 plutonium sword {*Contam Stlth-}
    38 | D        | Found the +8 lance "Wyrmbane" {slay drac, rPois rF+ rC+
                  | AC+3}
    38 | D        | Found the +9 sword of Zonguldrok {reap}
    38 | D        | Found the cursed +13 scythe of Curses {drain, *Curse}
    38 | D        | Found the +0 sword of Power
    38 | D        | Found the +7 mace of Variability {chain chaos}
    38 | D        | Found the +7 Singing Sword {vorpal, sonic wave}
    38 | D        | Found the +8 storm bow {elec, penet}
    43 | D        | Became a worshipper of Makhleb the Destroyer
    47 | D        | Reached skill level 2 in Spellcasting
    47 | D        | Reached XP level 2. HP: 23/23 MP: 1/5
    96 | D        | Entered arena 2.
    96 | D        | Found a transporter.
   113 | D        | Entered arena 3.
   113 | D        | Noticed a water moccasin
   113 | D        | Found a transporter.
   115 | D        | Reached * piety under Makhleb
   120 | D        | Killed a water moccasin
   120 | D        | Reached skill level 5 in Fighting
   120 | D        | Reached skill level 5 in Axes
   120 | D        | Reached skill level 5 in Dodging
   120 | D        | Reached skill level 5 in Shields
   120 | D        | Reached skill level 4 in Spellcasting
   120 | D        | Reached XP level 3. HP: 30/30 MP: 5/8
   120 | D        | Reached XP level 4. HP: 36/36 MP: 6/10
   120 | D        | Reached XP level 5. HP: 41/41 MP: 6/11
   133 | D        | Got the ring "Dozxushre" {rElec Str+4 Int+6 Dex+2 Stlth+}
   165 | D        | Entered arena 4.
   165 | D        | Noticed a rime drake
   165 | D        | Noticed a swamp drake
   165 | D        | Noticed a rime drake
   165 | D        | Noticed a swamp drake
   165 | D        | Found a transporter.
   170 | D        | Killed a rime drake
   170 | D        | Reached ** piety under Makhleb
   170 | D        | Reached skill level 5 in Spellcasting
   170 | D        | Reached XP level 6. HP: 25/49 MP: 11/14
   170 | D        | Killed a swamp drake
   170 | D        | Reached skill level 6 in Spellcasting
   170 | D        | Reached XP level 7. HP: 32/54 MP: 11/16
   174 | D        | Killed a rime drake
   193 | D        | Learned a level 6 spell: Statue Form
   241 | D        | Killed Dowan
   242 | D        | Entered arena 5.
   242 | D        | Found a transporter.
   246 | D        | Reached *** piety under Makhleb
   247 | D        | Reached XP level 8. HP: 53/61 MP: 18/18
   275 | D        | Entered arena 6.
   275 | D        | Found a transporter.
   279 | D        | Reached **** piety under Makhleb
   279 | D        | Reached skill level 7 in Spellcasting
   279 | D        | Reached skill level 1 in Transmutations
   279 | D        | Reached skill level 1 in Earth Magic
   288 | D        | Entered arena 7.
   288 | D        | Noticed a spriggan
   288 | D        | Noticed a spriggan
   288 | D        | Noticed a spriggan druid
   289 | D        | Identified the +3 eveningstar "Zemaaray" {venom, *Rage rN+
                  | Str+4 SInv}
   291 | D        | Reached ***** piety under Makhleb
   292 | D        | Found a transporter.
   294 | D        | Killed a spriggan
   295 | D        | Killed a spriggan druid
   295 | D        | Reached skill level 8 in Spellcasting
   295 | D        | Reached XP level 9. HP: 68/68 MP: 18/21
   296 | D        | Reached skill level 5 in Transmutations
   297 | D        | Reached skill level 5 in Earth Magic
   311 | D        | Entered arena 8.
   312 | D        | Found the +0 pair of fencer's gloves {Riposte Dex+3}
   312 | D        | Found the +6 arbalest "Damnation" {damnation}
   312 | D        | Found a transporter.
   320 | D        | Reached ****** piety under Makhleb
   333 | D        | Entered arena 9.
   333 | D        | Noticed a naga mage
   334 | D        | Identified the +5 morningstar of Manoes {vorpal, *Rage +Inv
                  | Str-2 Int+8}
   334 | D        | Found a transporter.
   341 | D        | Reached skill level 9 in Spellcasting
   345 | D        | Killed a naga mage
   356 | D        | Entered arena 10.
   356 | D        | Noticed a merfolk
   356 | D        | Noticed a merfolk
   356 | D        | Noticed a merfolk
   356 | D        | Noticed a merfolk
   357 | D        | Found the +7 sceptre of Torment {pain, torment}
   357 | D        | Found a transporter.
   360 | D        | Killed a merfolk
   361 | D        | Reached XP level 10. HP: 74/74 MP: 23/23
   390 | D        | Got the Guide on Arcane Weapons and the Birds
   457 | D        | Entered arena 11.
   458 | D        | Found the +5 scythe "Finisher" {speed, eviscerate}
   458 | D        | Found a transporter.
   465 | D        | Reached skill level 10 in Spellcasting
   465 | D        | Reached skill level 10 in Dodging
   465 | D        | HP: 3/76 [merfolk/+0 trident (13)]
   466 | D        | Reached skill level 10 in Fighting
   466 | D        | Reached skill level 10 in Shields
   491 | D        | Got the Almanac of Enthralling Darkness
   552 | D        | Killed a death ooze
   564 | D        | Entered arena 12.
   565 | D        | Noticed an ice dragon
   568 | D        | Found a transporter.
   569 | D        | Reached skill level 10 in Axes
   577 | D        | Reached XP level 11. HP: 80/82 MP: 25/25
   585 | D        | Killed an ice dragon
   589 | D        | Got the cursed ring "Guarch" {rF+ MR- Dex-4 Stlth+}
   632 | D        | Entered arena 13.
   632 | D        | Noticed Ciefaes the pandemonium lord
   632 | D        | Noticed Eraudef the pandemonium lord
   634 | D        | Noticed a Hell Sentinel
   636 | D        | Reached skill level 11 in Spellcasting
   645 | D        | Mangled by Ciefaes the pandemonium lord

Illustrated notes

Levels and vault maps discovered:
D:        sprint_v [room_start, room_1, room_2, room_3, room_4, room_5, room_6,
          room_7, room_8, room_9, room_10, room_11, room_12, room_13, room_14,
          room_15, room_16, room_17, room_18, room_19, room_20, room_21,
          room_22, room_23, room_24, room_25, room_26, room_27]

Skill      XL: |  1  2  3  4  5  6  7  8  9 10 11 |
---------------+----------------------------------+-----
Fighting       | 4 5 7 8 9 10 | 10.5
Axes           | 3 5 6 7 8 9 10 | 10.3
Dodging        | 4 5 7 8 9 10 | 10.5
Shields        | 4 5 7 8 9 10 | 10.5
Spellcasting   | 2 4 5 6 8 9 10 11 | 11.0
Transmutations | 4 6 9 |  9.4
Earth Magic    | 4 6 9 |  9.4

Action                   |  1- 3 |  4- 6 |  7- 9 | 10-12 || total
-------------------------+-------+-------+-------+-------++-------
Melee: Broad axe         |     7 |     1 |    30 |    40 ||    78
       Constrict         |     1 |       |     9 |     8 ||    18
       Tentacles         |       |       |    10 |    19 ||    29
 Cast: Statue Form       |       |       |       |     1 ||     1
Evoke: Wand              |       |     2 |       |       ||     2
       Phantom mirror    |       |       |       |     3 ||     3
  Use: Potion            |     1 |       |     3 |    10 ||    14
 Stab: Sleeping          |     2 |       |     5 |       ||     7
       Invisible         |       |       |       |     5 ||     5
       Distracted        |       |       |       |     1 ||     1
Armor: Skin              |     1 |       |     1 |     3 ||     5
Dodge: Dodged            |     3 |       |     4 |    29 ||    36
Block: Kite shield       |    10 |       |    32 |    88 ||   130
